 Dungeon Crawl Stone Soup version 0.27-a0-263-gc8dee61f84 (webtiles) character file.

Game seed: 5302277341475667419

8 knot the Skirmisher (level 2, 22/24 HPs)
             Began as a Demonspawn Berserker on Feb 5, 2021.
             Was a Follower of Trog.
             Quit the game on level 1 of the Dungeon.
             The game lasted 00:00:47 (787 turns).

knot the Skirmisher (Demonspawn Berserker)           Turns: 787, Time: 00:00:48

Health: 22/24      AC:  2    Str: 17    XL:     2   Next: 0%
Magic:  2/2        EV: 12    Int:  8    God:    Trog [*.....]
Gold:   24         SH:  4    Dex: 12    Spells: 1/1 levels left

rFire    . . .     SeeInvis .   a - +0 hand axe
rCold    . . .     Faith    .   (no shield)
rNeg     . . .     Spirit   .   b - +0 animal skin
rPois    .         Reflect  .   (no helmet)
rElec    .         Harm     .   (no cloak)
rCorr    .         Rampage  .   (no gloves)
Will     .....                  (no boots)
Stlth    +.........             (no amulet)
HPRegen  0.08/turn              (no ring)
MPRegen  0.08/turn              (no ring)

@: no status effects
A: large bone plates 1
a: Renounce Religion, Berserk


You were on level 1 of the Dungeon.
You worshipped Trog.
Trog was aware of your devotion.
You visited 1 branch of the dungeon, and saw 1 of its levels.

You collected 24 gold pieces.

Inventory:

Hand Weapons
 a - a +0 hand axe (weapon)
Missiles
 d - 12 poisoned darts
Armour
 b - a +0 animal skin (worn)
Scrolls
 e - a scroll of enchant armour {unknown}
Potions
 c - 2 potions of invisibility {unknown}


   Skills:
 + Level 3.1 Fighting
 + Level 2.8 Axes
 + Level 2.0 Armour
 + Level 2.0 Dodging


You had one spell level left.
You didn't know any spells.
Your spell library was empty.

Dungeon Overview and Level Annotations

Branches:
Dungeon (1/15)

Altars:


Innate Abilities, Weirdness & Mutations

You are partially covered in large bone plates. (SH +4)


Message History

Your Armour skill increases to level 2!
No target in view!
No target in view!
A hobgoblin comes into view.
The hobgoblin shouts!
A hobgoblin is nearby!
You see here a scroll labelled FATSIE BAOTZI.
You closely miss the hobgoblin. The hobgoblin hits you.
You hit the hobgoblin but do no damage.
The hobgoblin hits you but does no damage.
You hit the hobgoblin but do no damage.
The hobgoblin hits you but does no damage.
You slash the hobgoblin!
You kill the hobgoblin!
Trog accepts your kill.
Your Dodging skill increases to level 2!
You have reached level 2!
Your demonic ancestry asserts itself...
Large bone plates grow over parts of your arms.
Are you sure you want to abandon this character and quit the game? (Confirm with "yes".)

#.................#
#..................#
.##.##....#.........
#.##....####.##.##.
......... ...#.# #
######## #.#######
#..#.# .......# ##.#
).####.###..########
#.#............?@..#
#...##.###.###..........
######.#...........#####
.....#.#.#.###.#####
####.#.#...# #.#
####.#.# ### #.#
.....#.# #.# ######.#
#.. ...#


There were no monsters in sight!

Vanquished Creatures
  A leopard gecko (D:1)
  2 hobgoblins (D:1)
  2 kobolds (D:1)
  2 rats (D:1)
7 creatures vanquished.

Notes
Turn   | Place    | Note
-------+----------+-------------------------------------------
     0 | D:1      | knot the Demonspawn Berserker began the quest for the Orb.
     0 | D:1      | Reached XP level 1. HP: 18/18 MP: 1/1
   787 | D:1      | Gained mutation: You are partially covered in large bone
                  | plates. (SH +4) [demonic ancestry]
   787 | D:1      | Reached XP level 2. HP: 22/24 MP: 2/2
   787 | D:1      | Quit the game

Illustrated notes

Levels and vault maps discovered:
D:1:      dpeg_arrival_round_c, layout_basic, minmay_pentomino_r4

Skill      XL: |  1 |
---------------+----+-----
Armour         | 2 |  2.0
Dodging        | 2 |  2.0
Fighting       | |  3.1
Axes           | |  2.8

Action                   || total
-------------------------++-------
Melee: Hand axe          ||    28
Invok: Berserk           ||     1
Armor: Animal skin       ||     3
Dodge: Dodged            ||    15

Table legend: (Time is in decaauts)
 A = Elapsed time spent in this place.
 B = Non-inter-level travel time spent in this place.
 C = Inter-level travel time spent in this place.
 D = Time resting spent in this place.
 E = Time spent auto-exploring this place.
 F = Levels seen in this place.
 G = Mean time per level.
                   A        B        C        D        E       F      G
               +--------+--------+--------+--------+--------+-----+--------+
         Total |    804 |    804 |      0 |    304 |    438 |   1 |  804.0 |
       Dungeon |    804 |    804 |      0 |    304 |    438 |   1 |  804.0 |
               +--------+--------+--------+--------+--------+-----+--------+

Top non-repeatable levels by time:
     D:1: 804 daAuts
